 Dungeon Crawl Stone Soup version 0.26.0-16-gc1dbca0489 (webtiles) character file.

Game seed: 17202634848276052190

675588 Awod the Meteorologist (level 27, 0/151 (156) HPs)
             Began as a Tengu Ice Elementalist on Jan 18, 2021.
             Was an Elder of Sif Muna.
             Killed by the air
             ... invoked by a titan
              (44 damage)
             ... on level 5 of the Realm of Zot on Jan 20, 2021.
             The game lasted 10:38:37 (104233 turns).

Awod the Meteorologist (Tengu Ice Elementalist)   Turns: 104233, Time: 10:39:07

HP:   0/151 (156)   AC: 13    Str:  5    XL:     27
MP:   0/48          EV: 24    Int: 22    God:    Sif Muna [****..]
Gold: 2392          SH: 19    Dex: 33    Spells: 5/77 levels left

rFire    + + .     SeeInvis +   a - staff of air {!a}
rCold    + + +     Faith    .   M - +5 kite shield {reflect}
rNeg     + . .     Spirit   +   B - +5 steam dragon scales
rPois    +         Reflect  +   Z - +1 hat of Fun and Games {rCorr}
rElec    +         Harm     .   I - scarf {rC+ rF+}
rCorr    +         Rampage  .   v - +2 pair of gloves {Dex+3}
Will     +++..     Rnd*Rage +   (boots unavailable)
Stlth    ++++......             j - amulet "Zaitiareck" {Spirit rElec Dex+9}
HPRegen  0.00/turn              A - ring "Ner Jeyn" {rN+ Str-2 Dex+3 Slay+3 SInv Stlth-}
MPRegen  0.31/turn              W - ring of Raown {rF+ rC+++ Will+ Str-3 Stlth+}

@: about to teleport, flying quickly and evasively, lightly drained, quick
A: beak, horns 1, talons 3, thin skeletal structure 1, berserk 1, deformed body,
dopey 2, low mp 1, poison resistance, inhibited regeneration, subdued magic 1,
able to fly
}: 4/15 runes: barnacled, slimy, silver, gossamer
a: Stop Flying, Renounce Religion, Channel Magic, Forget Spell, Divine Exegesis


You were on level 5 of the Realm of Zot.
You worshipped Sif Muna.
Sif Muna was greatly pleased with you.
You visited 11 branches of the dungeon, and saw 55 of its levels.
You visited 2 bazaars.
You also visited: Ossuary and Ice Cave.

You collected 8354 gold pieces.
You spent 5962 gold pieces at shops.


Innate Abilities, Weirdness & Mutations

You have a beak for a mouth.
You have claws for feet.
You can fly continuously.
You have a pair of small horns on your head.
You have a somewhat thin skeletal structure. (Dex +2, Stealth)
You tend to lose your temper in combat.
Armour fits poorly on your strangely shaped body.
You are very dopey. (Int -4)
Your magical capacity is low. (-10% MP)
Your system is resistant to poisons. (rPois)
You do not regenerate when monsters are visible.
Your spells are a little easier to cast, but a little less powerful.


   Skills:
 - Level 14.1 Fighting
 - Level 12.0 Staves
 - Level 6.5 Armour
 - Level 7.0 Dodging
 - Level 2.0 Stealth
 - Level 15.0 Shields
 - Level 25.8 Spellcasting
 * Level 12.4 Conjurations
 - Level 5.4 Summonings
 - Level 2.0 Transmutations
 + Level 14.6 Fire Magic
 - Level 8.0 Ice Magic
 O Level 27 Air Magic
 - Level 5.2 Earth Magic
 - Level 5.0 Poison Magic
 - Level 13.0 Invocations
 - Level 5.3 Evocations


You had 5 spell levels left.
You knew the following spells:

 Your Spells              Type           Power        Failure   Level
a - Airstrike             Air            53%          0%          4
b - Summon Ice Beast      Ice/Summ       44%          1%          4
c - Chain Lightning       Conj/Air       46%          1%          8
f - Freezing Cloud        Conj/Ice/Air   42%          1%          6
l - Lightning Bolt        Conj/Air       46%          0%          5
m - Mephitic Cloud        Conj/Pois/Air  83%          0%          3
o - Olgreb's Toxic Radia  Pois           38%          1%          4
r - Frozen Ramparts       Ice            96%          1%          3
s - Summon Lightning Spi  Summ/Air       86%          0%          4
t - Iron Shot             Conj/Erth      25%          3%          6
B - Blink                 Tloc           N/A          1%          2
T - Tornado               Air            53%          1%          9
X - Ignite Poison         Fire/Tmut/Pois 46%          1%          3
Y - Fireball              Conj/Fire      30%          1%          5
Z - Conjure Ball Lightni  Conj/Air       46%          1%          6

Your spell library contained the following spells:

 Spells                   Type           Power        Failure   Level
 Foxfire                  Conj/Fire      100%         0%          1
 Magic Dart               Conj           100%         0%          1
 Shock                    Conj/Air       100%         0%          1
 Corpse Rot               Necr/Air       N/A          0%          2
 Poisonous Vapours        Pois/Air       100%         0%          2
 Searing Ray              Conj           100%         0%          2
 Swiftness                Air            100%         0%          2
 Conjure Flame            Conj/Fire      61%          0%          3
 Static Discharge         Conj/Air       93%          0%          3
 Animate Skeleton         Necr           42%          1%          1
 Apportation              Tloc           42%          1%          1
 Beastly Appendage        Tmut           56%          1%          1
 Corona                   Hex            23%          1%          1
 Freeze                   Ice            100%         1%          1
 Pain                     Necr           84%          1%          1
 Sandblast                Erth           78%          1%          1
 Sting                    Tmut/Pois      100%         1%          1
 Summon Small Mammal      Summ           100%         1%          1
 Call Imp                 Summ           40%          1%          2
 Ensorcelled Hibernation  Hex/Ice        70%          1%          2
 Passwall                 Tmut/Erth      28%          1%          2
 Slow                     Hex            21%          1%          2
 Sublimation of Blood     Necr           10%          1%          2
 Wereblood                Tmut           28%          1%          2
 Call Canine Familiar     Summ           40%          1%          3
 Dazzling Flash           Conj/Hex       84%          1%          3
 Inner Flame              Hex/Fire       46%          1%          3
 Ozocubu's Armour         Ice            48%          1%          3
 Spider Form              Tmut/Pois      16%          1%          3
 Stone Arrow              Conj/Erth      100%         1%          3
 Summon Guardian Golem    Hex/Summ       31%          1%          3
 Fulminant Prism          Conj/Hex       21%          1%          4
 Hailstorm                Conj/Ice       54%          1%          4
 Ice Form                 Ice/Tmut       38%          1%          4
 Iskenderun's Mystic Bla  Conj/Tloc      42%          1%          4
 Petrify                  Tmut/Erth      34%          1%          4
 Sticky Flame             Conj/Fire      61%          1%          4
 Bolt of Magma            Conj/Fire/Erth 27%          1%          5
 Irradiate                Conj/Tmut      23%          1%          5
 Iskenderun's Battlesphe  Conj           59%          1%          5
 Silence                  Hex/Air        39%          1%          5
 Confusing Touch          Hex            21%          2%          3
 Gell's Gravitas          Tloc           10%          2%          3
 Lesser Beckoning         Tloc           10%          2%          3
 Portal Projectile        Hex/Tloc       42%          2%          3
 Teleport Other           Tloc           21%          2%          3
 Tukima's Dance           Hex            21%          2%          3
 Vampiric Draining        Necr           10%          2%          3
 Lee's Rapid Deconstruct  Erth           19%          2%          5
 Summon Demon             Summ           20%          2%          5
 Leda's Liquefaction      Hex/Erth       15%          3%          4
 Metabolic Englaciation   Hex/Ice        17%          4%          5
 Alistair's Intoxication  Tmut/Pois      22%          6%          5
 Summon Forest            Summ/Tloc      15%          9%          5
 Summon Mana Viper        Hex/Summ       31%          9%          5
 Animate Dead             Necr           10%          10%         4
 Cause Fear               Hex            10%          10%         4
 Dispel Undead            Necr           21%          10%         4
 Passage of Golubria      Tloc           N/A          10%         4
 Borgnjor's Vile Clutch   Necr/Erth      15%          10%         5
 Blade Hands              Tmut           14%          12%         5
 Yara's Violent Unravell  Hex/Tmut       12%          19%         5
 Agony                    Necr           21%          28%         5
 Excruciating Wounds      Necr           10%          28%         5
 Starburst                Conj/Fire      30%          1%          6
 Orb of Destruction       Conj           29%          4%          7
 Ozocubu's Refrigeration  Ice            24%          5%          6
 Shadow Creatures         Summ           N/A          16%         6
 Ignition                 Fire           31%          17%         8
 Spellforged Servitor     Conj/Summ      25%          22%         7
 Simulacrum               Ice/Necr       17%          30%         6
 Statue Form              Tmut/Erth      22%          34%         6
 Eringya's Noxious Bog    Tmut/Pois      16%          36%         6
 Hydra Form               Tmut           14%          58%         6
 Monstrous Menagerie      Summ           20%          67%         7
 Summon Greater Demon     Summ           20%          67%         7
 Summon Hydra             Summ           20%          67%         7
 Death Channel            Necr           10%          86%         6
 Dispersal                Tloc           10%          86%         6
 Invisibility             Hex            21%          86%         6
 Lehudib's Crystal Spear  Conj/Erth      25%          89%         8
 Haunt                    Necr/Summ      15%          96%         7
 Malign Gateway           Summ/Tloc      15%          96%         7
 Dragon Form              Tmut           14%          99%         7
 Fire Storm               Conj/Fire      30%          99%         9
 Borgnjor's Revivificati  Necr           10%          100%        8
 Discord                  Hex            10%          100%        8
 Disjunction              Tloc           10%          100%        8
 Infestation              Necr           10%          100%        8
 Necromutation            Tmut/Necr      12%          100%        8
 Summon Horrible Things   Summ           20%          100%        8
 Absolute Zero            Ice            24%          100%        9
 Death's Door             Necr           10%          100%        9
 Dragon's Call            Summ           20%          100%        9
 Shatter                  Erth           19%          100%        9

Inventory:

Missiles
 w - 4 throwing nets {=f}
 V - 26 boomerangs of dispersal {=f}
Armour
 v - a +2 pair of gloves of dexterity (worn)
 B - +5 steam dragon scales (worn)
 I - a scarf of resistance (worn)
 M - a +5 kite shield of reflection (worn)
 Z - the +1 hat of Fun and Games (worn) {rCorr}
   (You acquired it on level 5 of the Vaults)

   It provides partial protection from all sources of acid and corrosion.
Magical Staves
 a - an uncursed staff of air (weapon) {!a}
Jewellery
 b - the ring "Xokkib" {Will+ EV+4 Int+4 Dex-2 Stlth+}
   (You found it on level 5 of the Pits of Slime)

   [ring of evasion]

   It affects your evasion (+4).
   It affects your intelligence (+4).
   It affects your dexterity (-2).
   It affects your willpower, your defense against some magical effects.
   It makes you more stealthy.
 j - the amulet "Zaitiareck" (around neck) {Spirit rElec Dex+9}
   (You found it on level 4 of the Lair of Beasts)

   [amulet of guardian spirit]

   It causes incoming damage to be split between your health and magic.
   It affects your dexterity (+9).
   It insulates you from electricity.
 p - the ring of the Mage {Wiz Will++ Int+3}
   (You bought it in a shop on level 2 of the Orcish Mines)

   [ring of wizardry]

   It improves your spell success rate.
   It affects your intelligence (+3).
   It affects your willpower, your defense against some magical effects.
 z - the ring of Suspicion {rF+ Int+6 Stlth-}
   (You bought it in a shop on level 2 of the Orcish Mines)

   [ring of attention]

   It affects your intelligence (+6).
   It protects you from fire.
   It makes you less stealthy.
 A - the ring "Ner Jeyn" (left hand) {rN+ Str-2 Dex+3 Slay+3 SInv Stlth-}
   (You bought it in a shop on level 2 of the Orcish Mines)

   [ring of attention]

   It affects your strength (-2).
   It affects your dexterity (+3).
   It affects your accuracy and damage with ranged weapons and melee attacks
   (+3).
   It protects you from negative energy.
   It lets you see invisible.
   It makes you less stealthy.
 W - the ring of Raown (right hand) {rF+ rC+++ Will+ Str-3 Stlth+}
   (You took it off a deep elf mage on level 3 of the Elven Halls)

   [ring of willpower]

   It affects your strength (-3).
   It protects you from fire.
   It renders you almost immune to cold.
   It affects your willpower, your defense against some magical effects.
   It makes you more stealthy.
Wands
 m - a wand of acid (28)
 n - a wand of flame (100)
 P - a wand of paralysis (9)
 Q - a wand of digging (29)
 U - a wand of iceblast (27)
 X - a wand of disintegration (11)
Scrolls
 c - 8 scrolls of magic mapping
 f - 11 scrolls of fog
 l - 28 scrolls of identify {@r1}
 o - 2 scrolls of torment
 F - 2 scrolls of immolation
 G - 3 scrolls of enchant weapon
 N - 12 scrolls of teleportation {@r4}
 O - 34 scrolls of remove curse {@r2}
 S - 9 scrolls of fear
 Y - a scroll of holy word
Potions
 h - 11 potions of attraction
 i - 2 potions of heal wounds {@q2}
 k - 13 potions of might
 q - 6 potions of invisibility
 r - 8 potions of brilliance
 s - 3 potions of cancellation
 x - a potion of ambrosia
 y - a potion of resistance
 K - 8 potions of haste {@q3}
 L - 9 potions of lignification
 R - a potion of mutation
Miscellaneous
 d - a tin of tremorstones (2/2)
 g - a box of beasts
 t - a condenser vane
 u - a phantom mirror
 C - a phial of floods
 D - a lightning rod (4/4)

Dungeon Overview and Level Annotations

Branches:
Dungeon (15/15)            Temple (1/1) D:6            Lair (6/6) D:11
 Shoals (4/4) Lair:4       Spider (4/4) Lair:3        Slime (5/5) Lair:5
    Orc (2/2) D:12            Elf (3/3) Orc:2        Vaults (5/5) D:14
  Crypt (0/3) Vaults:2     Depths (5/5) D:15            Zot (5/5) Depths:5
Ossuary (visited)           IceCv (visited)

Altars:
Ashenzari
Cheibriados
Dithmenos
Elyvilon
Fedhas
Gozag
Hepliaklqana
Kikubaaqudgha
Makhleb
Nemelex Xobeh
Okawaru
Qazlal
Ru
Sif Muna
Trog
Uskayaw
Vehumet
Wu Jian
Xom
Yredelemnul
Zin
The Shining One
Beogh
Lugonu

Shops:
Orc:2 *[?=   Shoals:3 [   Depths:2 *[   Depths:3 ((=}=

Portals:
Hell: Depths:1 Depths:2 Depths:3 Depths:4 Depths:5
Abyss: D:15 Zot:2 Depths:2 Depths:4
Pandemonium: Depths:3
Ziggurat: Depths:4

Annotations:
D:6 3 runed translucent doors, Anias's ghost, novice OpDe
D:11 exclusion: downstairs
D:15 2 transporters, Epsin's ghost, journeyman MiFi
Shoals:2 exclusion: downstairs
Slime:5 1 exclusion
Depths:5 2 transporters, Xutext's ghost, adept DsAK
Zot:1 1 transporter
Zot:5 2 exclusions

,,,,,,** **,,,,,,,,,^,, ,,,,***
***,,,,,,,,,, ,**** ****,,,,,,,
▓▓▓▓▓# **▓********* *^$..###
*##^.^^,,,,,,, .##.D..##
*#....**,,,,,,,
,,###...###########...#**,,,,,,,^
,,,*##.....WL........#**,,,,,,,,,
,,,* ##..W..W*§.@...#* *,,,,,,,,,
,,,* #......p......# *,,,,,,,,,
,,,* ##...........## *^,,,,,,,,
,,,* #..C........# *,,,,,,,,,
,,,* ##..........^## *,,,,,,,,,
,,** #.............# **,,,,,,,,
,** ##.)...........#* **,,,,,,^
** #...............# **,,,,,, ***
########.######## *******


You could see an orb of fire, a Killer Klown, a titan, an ancient lich (fast), a
shadow wraith (summoned, invisible), a freezing wraith (summoned) and a wraith
(summoned).


Message History

The winds around you start to calm down.
You feel sick. The ancient lich casts a spell at you.
You feel haunted.
The orb of fire glows bright magenta.
Strange energies course through your body.
Your regeneration stops near monsters.
The shadow dragon breathes negative energy at you.
The bolt of negative energy hits you!! You partially resist.
You feel drained. You block the ancient lich's attack.
Casting: Airstrike (safe; 0% risk of failure)
Confirm with . or Enter, or press ? or * to list all spells.
You blink.
You are engulfed in raging winds.
Unknown command.
You feel better.
You are engulfed in raging winds.
The orb of fire glows yellow.
The fireball explodes!
The fireball engulfs you! You resist.
The titan waves its arms in wide circles.
The air twists around and violently strikes you in flight!!!
* * * LOW HITPOINT WARNING * * *
Unknown command.
Unknown command.
Okay, then.
Casting: Blink (safe; 1% risk of failure)
Confirm with . or Enter, or press ? or * to list all spells.
You blink.
The winds around you calm down.
The titan waves its arms in wide circles.
The air twists around and violently strikes you in flight!!!
You die...

Skill      XL: |  1  2  3  4  5  6  7  8  9 10 11 12 13 14 15 16 17 18 19 20 21 22 23 24 25 26 27 |
---------------+----------------------------------------------------------------------------------+-----
Fighting       | 1 2 5 7 9 10 13 14 | 14.1
Spellcasting   | 3 4 5 6 7 8 9 10 11 12 13 15 16 19 20 22 23 25 | 25.8
Ice Magic      | 4 5 6 7 8 |  8.0
Summonings     | 1 4 5 |  5.4
Shields        | 2 3 4 5 12 15 | 15.0
Conjurations   | 2 5 6 8 9 10 12 | 12.4
Invocations    | 3 4 5 6 10 11 13 | 13.0
Evocations     | 3 5 |  5.3
Air Magic      | 4 7 9 10 11 15 19 23 25 26 27 | 27.0
Armour         | 1 5 6 |  6.5
Dodging        | 6 7 |  7.0
Staves         | 2 6 12 | 12.0
Earth Magic    | 2 4 5 |  5.2
Transmutations | 2 |  2.0
Poison Magic   | 5 |  5.0
Fire Magic     | 14 | 14.6
Stealth        | |  2.0

Action                   |  1- 3 |  4- 6 |  7- 9 | 10-12 | 13-15 | 16-18 | 19-21 | 22-24 | 25-27 || total
-------------------------+-------+-------+-------+-------+-------+-------+-------+-------+-------++-------
Melee: Spear             |    11 |       |       |       |       |       |       |       |       ||    11
       Kick              |    12 |    10 |    53 |   173 |   249 |   618 |   403 |   234 |   503 ||  2255
       Peck              |     6 |     6 |    32 |    99 |   149 |   380 |   257 |   160 |   326 ||  1415
       Whip              |     2 |       |   124 |   379 |       |       |       |       |       ||   505
       Unarmed           |     1 |       |       |       |       |       |       |       |       ||     1
       Trident           |    39 |    57 |    67 |     6 |       |       |       |       |       ||   169
       Headbutt          |       |     6 |    36 |    92 |   151 |   362 |   243 |   155 |   319 ||  1364
       Staff             |       |       |       |    37 |   435 |  1319 |   916 |   523 |  1093 ||  4323
Throw: Stone             |    10 |    11 |    35 |     1 |       |       |       |       |       ||    57
       Dart              |       |    15 |    18 |    18 |    58 |    52 |    24 |    15 |     1 ||   201
       Boomerang         |       |       |       |       |       |       |       |       |     1 ||     1
       Throwing net      |       |       |       |       |       |       |       |       |     2 ||     2
 Cast: Freeze            |    38 |    14 |     1 |     2 |    13 |     1 |       |     1 |       ||    70
       Frozen Ramparts   |     3 |    12 |    36 |    60 |    60 |    87 |    19 |     2 |    10 ||   289
       Summon Ice Beast  |       |       |    15 |    65 |    67 |   170 |    93 |    33 |    10 ||   453
       Ozocubu's Armour  |       |       |     2 |     4 |     7 |     3 |       |       |       ||    16
       Hailstorm         |       |       |     1 |     4 |     2 |     5 |       |       |       ||    12
       Shock             |       |       |       |    19 |    19 |    33 |    15 |       |       ||    86
       Static Discharge  |       |       |       |     4 |       |       |       |       |       ||     4
       Lightning Bolt    |       |       |       |     9 |    21 |    56 |    90 |    87 |   198 ||   461
       Summon Lightning  |       |       |       |     3 |     7 |    23 |     3 |     7 |    34 ||    77
       Airstrike         |       |       |       |     2 |     7 |    32 |    53 |   256 |   426 ||   776
       Lee's Rapid Decon |       |       |       |       |       |    18 |       |       |       ||    18
       Searing Ray       |       |       |       |       |       |     2 |       |       |       ||     2
       Freezing Cloud    |       |       |       |       |       |    21 |    53 |    28 |    58 ||   160
       Blink             |       |       |       |       |       |    12 |     6 |     7 |    32 ||    57
       Mephitic Cloud    |       |       |       |       |       |     2 |    15 |     5 |    10 ||    32
       Ignite Poison     |       |       |       |       |       |       |    12 |     4 |    10 ||    26
       Tornado           |       |       |       |       |       |       |     2 |    24 |    36 ||    62
       Irradiate         |       |       |       |       |       |       |     2 |       |       ||     2
       Chain Lightning   |       |       |       |       |       |       |       |    15 |    84 ||    99
       Summon Mana Viper |       |       |       |       |       |       |       |       |    16 ||    16
       Borgnjor's Vile C |       |       |       |       |       |       |       |       |     1 ||     1
       Olgreb's Toxic Ra |       |       |       |       |       |       |       |       |     6 ||     6
       Iron Shot         |       |       |       |       |       |       |       |       |     5 ||     5
       Borgnjor's Revivi |       |       |       |       |       |       |       |       |     1 ||     1
       Fireball          |       |       |       |       |       |       |       |       |    13 ||    13
       Conjure Ball Ligh |       |       |       |       |       |       |       |       |     4 ||     4
Invok: Channel Magic     |       |       |       |       |     1 |     9 |     9 |     6 |    10 ||    35
       Forget Spell      |       |       |       |       |     1 |     2 |       |       |       ||     3
       Divine Exegesis   |       |       |       |       |       |       |       |     1 |     2 ||     3
 Abil: Fly               |       |     1 |       |       |       |       |       |     2 |       ||     3
       Stop Flying       |       |       |       |       |       |       |       |     2 |       ||     2
Evoke: Lightning rod     |       |       |       |     2 |    11 |    18 |    15 |    13 |    21 ||    80
       Wand              |       |       |       |     1 |    11 |    33 |    10 |     9 |    26 ||    90
       Condenser vane    |       |       |       |       |     4 |     4 |     3 |       |     2 ||    13
       Phial of floods   |       |       |       |       |       |       |       |       |     3 ||     3
       Tin of tremorston |       |       |       |       |       |       |       |       |     3 ||     3
       Box of beasts     |       |       |       |       |       |       |       |       |     1 ||     1
       Phantom mirror    |       |       |       |       |       |       |       |       |     1 ||     1
  Use: Scroll            |     6 |       |     9 |     5 |    20 |    13 |     8 |    14 |    30 ||   105
       Potion            |       |     4 |     1 |       |     4 |     4 |     5 |     2 |    23 ||    43
 Stab: Sleeping          |     2 |     2 |     3 |    15 |     1 |    10 |     5 |     3 |     4 ||    45
       Distracted        |       |       |     1 |     2 |     5 |    18 |     9 |     3 |     8 ||    46
       Confused          |       |       |       |       |       |     1 |     3 |       |     1 ||     5
       Held in net/web   |       |       |       |       |       |       |       |     1 |       ||     1
Armor: Robe              |     4 |       |       |       |       |       |       |       |       ||     4
       Leather armour    |     6 |     7 |     5 |       |       |       |       |       |       ||    18
       Steam dragon scal |       |       |    11 |   106 |   104 |   275 |   100 |    70 |   274 ||   940
       Fire dragon scale |       |       |       |       |       |       |       |    22 |       ||    22
Dodge: Dodged            |    40 |    34 |    85 |   358 |   375 |  1118 |   452 |   235 |   697 ||  3394
Block: Buckler           |       |       |    28 |   133 |   129 |       |       |       |       ||   290
       Kite shield       |       |       |       |       |       |  1223 |   688 |   390 |   953 ||  3254
       Reflection        |       |       |       |       |       |    46 |   106 |    84 |    52 ||   288

Levels and vault maps discovered:
D:1:      dpeg_arrival_pits, layout_loops_cross
D:2:      layout_basic
D:3:      layout_basic, kennysheep_slug_shrine, uniq_robin
D:4:      layout_gridville, xom_teletrap_fun, uniq_pikel
D:5:      layout_cave_pools, uniq_blork_the_orc
D:6:      layout_loops_ring, nicolae_dithmenos_shadow_blocks,
          minmay_temple_entry_ruins, gammafunk_ghost_necromancy,
          kennysheep_nondescript, sigmund_army, uniq_eustachio, uniq_maggie,
          uniq_grinder
D:7:      layout_basic, nicolae_ossuary_entry_monument, evilmike_ruin_ashenzari,
          uniq_menkaure, uniq_duvessa
D:8:      layout_loops_corners, lemuel_coloured_pillars_altar
D:9:      layout_grid_maze, minmay_increasing_density
D:10:     layout_rooms
D:11:     layout_basic, lair_entry_dummy, uniq_nergalle
D:12:     layout_cave_pools, hiddenorc2_lemuel, argonaut_gorgonesque, uniq_sonja
D:13:     layout_gridville, okawaru_ov_weapons_minmay
D:14:     layout_roguey, david_vaults_5, minmay_misc_feat_enclosed,
          eino_tiny_chamber
D:15:     hangedman_depths_entry_civil_slaughter, layout_gridville,
          ebering_dispersal_statue_hall, gammafunk_ghost_abyssal_escape,
          portal_ice_cave_entry_imps
Temple:   dpeg_five_rooms_temple
Lair:1:   layout_long_grid, special_room [special_room_bee],
          gammafunk_ghost_icy, grunt_megastairs_5, infiniplex_staircase_pool
Lair:2:   layout_cave_shapes, grunt_megastairs_2
Lair:3:   layout_cave_pods, dummy_spider_entry
Lair:4:   layout_regular_city, minmay_shoals_entry_beasts, beast_lair_carwin_5
Lair:5:   layout_regular_city, nicolae_slime_entry_slimehenge,
          lemuel_oklob_altar
Lair:6:   gammafunk_lair_ancient_temple, layout_regular_city
Shoals:1: layout_shoals, uniq_jorgrun
Shoals:2: layout_shoals
Shoals:3: layout_shoals, serial_shops, shop, nicolae_shoals_wave_tunnel
Shoals:4: shoals_end_grunt_ice, layout_shoals
Spider:1: spiders_nest_scorpion_pit
Spider:2: layout_spider_delve
Spider:3: layout_spider_delve, uniq_agnes
Spider:4: grunt_spider_rune_island
Slime:1:  layout_caves
Slime:2:  layout_caves, cheibrodos_slime_lost_civilization_6
Slime:3:  layout_caves, nicolae_slime_barrier
Slime:4:  layout_caves, cheibrodos_slime_lost_civilization_4
Slime:5
Orc:1:    layout_diamond_mine, enter_bailey_6, basic_altar
Orc:2:    grunt_orc_tribal_feast, layout_diamond_mine, guppyfry_library_mini,
          uniq_urug, uniq_snorg
Elf:1:    layout_loops_corners, minmay_elf_necromancy, grunt_ministairs_10
Elf:2:    layout_onion_city
Elf:3:    minmay_elf_hall_curves, layout_geoelf_castle, serial_shops,
          bzr_in_the_mist, amcnicky_mini_rare_corridor_liquid, st_stairs_7,
          minivault_16, elves_outpost_lemuel
Vaults:1: grunt_vaults_trifunnel, nicolae_vaults_holding_cells,
          hangedman_vaults_snaps, hangedman_vaults_stretched_pinwheel,
          v_misc_10, hangedman_vaults_stream, ontoclasm_vaults_idyll,
          dpeg_vaults_monster_box, serial_ice_g, vaults_room_large_hall,
          ontoclasm_vaults_gateway, layout_vaults_omnigrid, uniq_asterion
Vaults:2: v_misc_17, ontoclasm_vaults_fault, minmay_crypt_entry_necro_gods,
          nicolae_vaults_three_branches, nicolae_vaults_big_ls,
          nicolae_vaults_little_squares_6, nicolae_vaults_alarming,
          hangedman_vaults_pinch, v_alt_pattern_2, dpeg_vaults_waves, v_misc_5,
          nicolae_vaults_circle_grid_a, grunt_vaults_hallway_long,
          nicolae_vaults_little_squares_1, hangedman_vaults_impose,
          layout_vaults_maze, uniq_mara
Vaults:3: v_rooms_1, vaults_mumra_minichess_inversion, ontoclasm_vaults_eye,
          v_rooms_3, vaults_room_hallway, nicolae_vaults_little_squares_6,
          nicolae_vaults_circle_grid_b, ontoclasm_vaults_shuriken, v_misc_30,
          layout_vaults_big_room
Vaults:4: grunt_vaults_twisty, v_misc_4, v_misc_10, nicolae_vaults_network_star,
          vaults_mumra_chevron_long, ontoclasm_vaults_hangar, v_misc_23,
          nicolae_vaults_ninety_degrees, nicolae_vaults_little_ls,
          nicolae_vaults_what_the_h, layout_vaults_ring, uniq_xtahua,
          uniq_frederick
Vaults:5
Depths:1: layout_long_grid, hell_entry, grunt_decor_resistance,
          minmay_microvault
Depths:2: minmay_tri_stars, layout_cross, lightli_too_deep, abyss_entry,
          infiniplex_staircase_river, serial_bayou_shore_b, minmay_shoptagon,
          uniq_enchantress
Depths:3: grunt_arcs, layout_cave_pools, pf_dread_powers_of_hell,
          hangedman_decor_opposing, serial_shops, freezing_bzr,
          nicolae_shop_statue_plus, shop, rand_demon_pan_entry_9,
          minmay_shop_grove, infiniplex_staircase_diamond
Depths:4: evilmike_diamond_1, layout_gridlike, enter_ziggurat_e,
          kennysheep_crisscross, hangedman_coc_ice_floe, abyss_entry_crystal,
          infiniplex_staircase_pillars_3a, serial_bayou_shore_a,
          serial_bayou_shore_b
Depths:5: grunt_zot_entry_hairpin, layout_basic, hell_entry, special_room
          [special_room_mythical_zoo], gammafunk_ghost_arena,
          serial_bayou_shore_b, serial_bayou_shore_b, uniq_boris
Zot:1:    gammafunk_dig_for_victory, layout_twisted_circle
Zot:2:    nicolae_zot_stationary_front, layout_basic,
          amcnicky_altar_lugonu_corruption
Zot:3:    layout_basic, hangedman_elemental_corridor
Zot:4:    layout_basic
Zot:5:    layout_misc_corridors, drop_trap

Notes
Turn   | Place    | Note
-------+----------+-------------------------------------------
     0 | D:1      | Awod the Tengu Ice Elementalist began the quest for the
                  | Orb.
     0 | D:1      | Reached XP level 1. HP: 10/10 MP: 4/4
   438 | D:1      | Reached XP level 2. HP: 16/16 MP: 4/6
   817 | D:1      | Reached skill level 1 in Fighting
   916 | D:2      | Reached XP level 3. HP: 11/20 MP: 1/7
  1074 | D:2      | Learned a level 3 spell: Frozen Ramparts
  1722 | D:2      | Reached skill level 3 in Spellcasting
  2281 | D:3      | Reached skill level 4 in Ice Magic
  2390 | D:3      | Noticed Robin
  2713 | D:3      | Reached XP level 4. HP: 22/25 MP: 5/9
  2721 | D:3      | Killed Robin
  2949 | D:3      | Gained mutation: You have a pair of small horns on your
                  | head. [potion of mutation]
  2949 | D:3      | Gained mutation: You have a somewhat thin skeletal
                  | structure. (Dex +2, Stealth) [potion of mutation]
  2949 | D:3      | Gained mutation: Your spells are a little easier to cast,
                  | but a little less powerful. [potion of mutation]
  2949 | D:3      | Gained mutation: Your system is resistant to poisons.
                  | (rPois) [potion of mutation]
  3065 | D:3      | Learned a level 4 spell: Summon Ice Beast
  3384 | D:3      | Found a snail-covered altar of Cheibriados.
  3813 | D:3      | Gained mutation: You can fly continuously. [Tengu growth]
  3813 | D:3      | Reached XP level 5. HP: 25/29 MP: 11/11
  4438 | D:3      | Reached skill level 1 in Summonings
  4476 | D:3      | Reached skill level 4 in Spellcasting
  5006 | D:4      | Reached XP level 6. HP: 32/34 MP: 10/13
  5039 | D:4      | Found a shimmering altar of Xom.
  5043 | D:4      | Noticed Pikel
  5054 | D:4      | Killed Pikel
  5055 | D:4      | Reached skill level 2 in Shields
  5055 | D:4      | Reached skill level 5 in Spellcasting
  5055 | D:4      | Reached skill level 5 in Ice Magic
  5055 | D:4      | Reached XP level 7. HP: 7/38 MP: 8/16
  5900 | D:4      | Reached skill level 3 in Shields
  6042 | D:4      | Reached skill level 6 in Spellcasting
  6042 | D:4      | Reached XP level 8. HP: 42/43 MP: 13/18
  6208 | D:4      | Reached skill level 2 in Summonings
  6212 | D:4      | Learned a level 3 spell: Ozocubu's Armour
  6217 | D:4      | Learned a level 4 spell: Hailstorm
  6336 | D:5      | Entered Level 5 of the Dungeon
  6447 | D:5      | Noticed Blork the orc
  6473 | D:5      | Killed Blork the orc
  6578 | D:5      | Reached skill level 3 in Summonings
  6696 | D:5      | Reached skill level 4 in Shields
  6696 | D:5      | Reached skill level 6 in Ice Magic
  6977 | D:5      | Reached skill level 4 in Summonings
  7033 | D:5      | Reached skill level 2 in Fighting
  7106 | D:5      | Identified a potion of resistance
  7368 | D:6      | Found a shadowy altar of Dithmenos.
  7398 | D:6      | Reached XP level 9. HP: 49/49 MP: 16/19
  7473 | D:6      | Found a staircase to the Ecumenical Temple.
  7491 | Temple   | Entered the Ecumenical Temple
  7654 | Temple   | Became a worshipper of Sif Muna the Loreminder
  7708 | D:6      | Noticed Eustachio
  7715 | D:6      | Reached skill level 3 in Fighting
  7723 | D:6      | Killed Eustachio
  7723 | D:6      | Noticed Maggie
  7724 | D:6      | Reached skill level 5 in Summonings
  7800 | D:6      | Killed Maggie
  8037 | D:6      | Noticed Grinder
  8049 | D:6      | Killed Grinder
  8050 | D:6      | Reached skill level 7 in Ice Magic
  8096 | D:6      | Reached skill level 4 in Fighting
  8131 | D:6      | Reached skill level 7 in Spellcasting
  8307 | D:6      | Reached * piety under Sif Muna
  8636 | D:6      | Noticed Anias's ghost (novice OpDe)
  8636 | D:6      | Found a runed translucent gate.
  8637 | D:6      | Found a runed translucent gate.
  8637 | D:6      | Found a runed translucent gate.
  8680 | D:7      | Noticed Duvessa
  8680 | D:7      | Noticed Dowan
  8685 | D:7      | Killed Dowan
  8688 | D:7      | Killed Duvessa
  9053 | D:7      | Found a sand-covered staircase.
  9062 | Ossuary  | Entered an ossuary
  9284 | Ossuary  | Reached skill level 5 in Fighting
  9400 | D:7      | Noticed Menkaure
  9409 | D:7      | Killed Menkaure
  9701 | D:7      | Reached XP level 10. HP: 54/59 MP: 6/22
  9860 | D:7      | Found a broken altar of Ashenzari.
  9969 | D:8      | Reached skill level 8 in Ice Magic
 10097 | D:8      | Reached ** piety under Sif Muna
 10267 | D:8      | Reached skill level 1 in Conjurations
 10380 | D:8      | Reached skill level 1 in Invocations
 10380 | D:8      | Reached skill level 1 in Evocations
 10575 | D:8      | Learned a level 3 spell: Static Discharge
 10577 | D:8      | Learned a level 1 spell: Shock
 10630 | D:8      | Reached skill level 8 in Spellcasting
 10683 | D:8      | Noticed a boulder beetle
 10702 | D:8      | Reached skill level 1 in Air Magic
 10719 | D:8      | Killed a boulder beetle
 10720 | D:8      | Reached skill level 2 in Conjurations
 10720 | D:8      | Reached skill level 2 in Air Magic
 10720 | D:8      | Reached skill level 2 in Invocations
 10720 | D:8      | Reached skill level 2 in Evocations
 11050 | D:8      | Found an iron altar of Okawaru.
 11183 | D:9      | You are sucked into a shaft and drop 2 floors!
 11185 | D:11     | Noticed a cyclops
 11193 | D:10     | Entered Level 10 of the Dungeon
 11390 | D:10     | Reached skill level 3 in Air Magic
 11525 | D:10     | Reached skill level 3 in Invocations
 11600 | D:9      | Reached *** piety under Sif Muna
 11633 | D:9      | Reached skill level 3 in Evocations
 11842 | D:9      | Reached skill level 4 in Air Magic
 11883 | D:9      | Learned a level 5 spell: Lightning Bolt
 12349 | D:9      | Reached skill level 1 in Armour
 12740 | D:9      | Reached XP level 11. HP: 59/64 MP: 24/24
 12773 | D:9      | Reached skill level 3 in Dodging
 12980 | D:9      | Noticed a two-headed ogre
 12996 | D:9      | Reached skill level 2 in Armour
 12996 | D:9      | Reached skill level 5 in Air Magic
 13001 | D:9      | Killed a two-headed ogre
 13006 | D:9      | Reached skill level 9 in Spellcasting
 13007 | D:9      | Reached skill level 3 in Armour
 13173 | D:9      | Reached skill level 4 in Dodging
 13589 | D:10     | Reached **** piety under Sif Muna
 13631 | D:10     | Killed an unseen horror
 13632 | D:10     | Reached skill level 6 in Air Magic
 14303 | D:11     | Reached skill level 4 in Armour
 14442 | D:11     | Noticed a two-headed ogre
 14457 | D:11     | Killed a two-headed ogre
 14458 | D:11     | Reached skill level 5 in Dodging
 14548 | D:11     | Killed an unseen horror
 14549 | D:11     | Reached skill level 7 in Air Magic
 14658 | D:11     | Killed a cyclops
 14659 | D:11     | Reached skill level 5 in Armour
 14665 | D:11     | Learned a level 4 spell: Airstrike
 14788 | D:11     | Found a staircase to the Lair.
 14891 | D:11     | Noticed Nergalle
 14911 | D:11     | Killed Nergalle
 14940 | D:11     | Reached skill level 6 in Dodging
 14951 | D:11     | Reached XP level 12. HP: 58/69 MP: 14/26
 14953 | D:11     | Reached skill level 8 in Air Magic
 15035 | D:11     | Noticed a two-headed ogre
 15051 | D:11     | Killed a two-headed ogre
 15247 | D:12     | Noticed a four-headed hydra
 15256 | D:11     | Killed a four-headed hydra
 15374 | Lair:1   | Entered Level 1 of the Lair of Beasts
 15455 | D:11     | Reached skill level 6 in Armour
 15506 | D:11     | Reached skill level 10 in Spellcasting
 15534 | D:12     | Noticed a boulder beetle
 15678 | D:12     | Noticed a two-headed ogre
 15806 | D:12     | Killed a two-headed ogre
 15829 | D:12     | Found a staircase to the Orcish Mines.
 15836 | D:12     | Reached ***** piety under Sif Muna
 15842 | D:12     | Received a gift from Sif Muna
 15931 | D:12     | Noticed Sonja
 15934 | D:11     | Killed a boulder beetle
 15935 | D:11     | Reached skill level 7 in Dodging
 15935 | D:11     | Reached skill level 9 in Air Magic
 16140 | Lair:1   | Reached skill level 6 in Fighting
 16447 | Lair:1   | Reached skill level 3 in Conjurations
 16540 | Lair:1   | Reached skill level 7 in Fighting
 16780 | Lair:1   | Found a runed translucent gate.
 16780 | Lair:1   | Found a runed translucent gate.
 16781 | Lair:1   | Found a runed translucent gate.
 16801 | Lair:1   | Reached skill level 4 in Conjurations
 16809 | Lair:1   | Noticed avis's ghost (journeyman OgTm)
 17019 | Lair:1   | Reached skill level 1 in Staves
 17306 | Lair:1   | Learned a level 4 spell: Summon Lightning Spire
 17336 | Lair:1   | Killed avis's ghost
 17462 | Lair:1   | Reached skill level 2 in Staves
 17503 | Lair:1   | Got the ring of Lyexi {Fire}
 17563 | Lair:2   | Noticed a death yak
 17563 | Lair:2   | Noticed a death yak
 17674 | Lair:1   | Killed a death yak
 17676 | Lair:1   | Killed a death yak
 17677 | Lair:1   | Reached skill level 5 in Conjurations
 17677 | Lair:1   | Reached XP level 13. HP: 42/78 MP: 1/28
 17831 | Lair:1   | Reached skill level 8 in Fighting
 17909 | Lair:2   | Reached skill level 4 in Evocations
 17961 | Lair:2   | Reached skill level 3 in Staves
 18255 | Lair:2   | Identified Sutoet's Compendium of Glacial Poison (Sif Muna
                  | gifted it to you on level 2 of the Lair of Beasts)
 18255 | Lair:2   | Received a gift from Sif Muna
 18906 | Lair:3   | Got a translucent leather armour
 19051 | Lair:3   | Reached skill level 4 in Staves
 19212 | Lair:3   | Reached skill level 9 in Fighting
 19500 | Lair:3   | Identified a potion of experience
 19515 | Lair:3   | Reached skill level 11 in Spellcasting
 19516 | Lair:3   | Reached skill level 5 in Evocations
 19778 | Lair:3   | Found a hole to the Spider Nest.
 19963 | Lair:4   | Found a staircase to the Shoals.
 20350 | Lair:4   | Reached skill level 5 in Staves
 20690 | Lair:4   | Reached skill level 4 in Invocations
 20694 | Lair:4   | Reached skill level 6 in Staves
 20779 | Lair:4   | Learned a level 5 spell: Lee's Rapid Deconstruction
 20848 | Lair:4   | Reached XP level 14. HP: 87/87 MP: 25/30
 20952 | Lair:4   | Reached skill level 10 in Fighting
 21326 | Lair:4   | Got a scorched steel amulet
 21338 | Lair:4   | Identified the amulet "Zaitiareck" {Spirit rElec Dex+9}
                  | (You found it on level 4 of the Lair of Beasts)
 21338 | Lair:4   | Identified the +2 leather armour of the Valley of Death
                  | {Stlth+} (You found it on level 3 of the Lair of Beasts)
 21430 | Lair:5   | Reached skill level 1 in Earth Magic
 21452 | Lair:5   | Found a glowing silver altar of Zin.
 21844 | Lair:5   | Found a staircase to the Slime Pits.
 21883 | Lair:5   | Reached skill level 7 in Staves
 22460 | Lair:5   | Reached skill level 8 in Staves
 22940 | Lair:6   | Entered Level 6 of the Lair of Beasts
 22960 | Lair:6   | Reached skill level 9 in Staves
 23234 | Lair:6   | Identified Sif Muna's Papyrus of the Aerial Glacier (Sif
                  | Muna gifted it to you on level 6 of the Lair of Beasts)
 23234 | Lair:6   | Received a gift from Sif Muna
 23454 | Lair:6   | Reached skill level 10 in Staves
 23794 | Lair:6   | Reached skill level 11 in Staves
 24345 | Lair:6   | Reached skill level 12 in Staves
 24435 | Lair:6   | Reached skill level 2 in Earth Magic
 25637 | D:12     | Reached XP level 15. HP: 92/92 MP: 31/31
 25661 | D:12     | Reached skill level 10 in Air Magic
 25661 | D:12     | Reached skill level 3 in Earth Magic
 25801 | D:12     | Reached skill level 5 in Shields
 25801 | D:12     | Reached skill level 4 in Earth Magic
 25801 | D:12     | Reached XP level 16. HP: 95/97 MP: 17/32
 25870 | D:12     | Killed Sonja
 26081 | D:12     | Reached skill level 6 in Shields
 26139 | D:12     | Identified Sif Muna's Handbook of Twisted Arcane Weapons
                  | (Sif Muna gifted it to you on level 12 of the Dungeon)
 26139 | D:12     | Received a gift from Sif Muna
 26189 | Orc:1    | Entered Level 1 of the Orcish Mines
 26421 | Orc:1    | Found a roughly hewn altar of Beogh.
 26503 | Orc:1    | You are sucked into a shaft and drop 1 floor!
 26503 | Orc:2    | Entered Level 2 of the Orcish Mines
 26524 | Orc:2    | Noticed Snorg
 26539 | Orc:2    | Killed Snorg
 26547 | Orc:2    | Reached skill level 7 in Shields
 26949 | Orc:2    | Found a staircase to the Elven Halls.
 26950 | Orc:2    | Noticed Urug
 26953 | Elf:1    | Entered Level 1 of the Elven Halls
 27090 | Orc:2    | Killed Urug
 27497 | Orc:1    | Reached skill level 8 in Shields
 28532 | Orc:2    | Identified Sif Muna's Compendium of the Mutagenic Glacier
                  | (Sif Muna gifted it to you on level 2 of the Orcish Mines)
 28532 | Orc:2    | Received a gift from Sif Muna
 28640 | Orc:2    | Found Vababyefo's Assorted Antiques.
 28640 | Orc:2    | Found Duwaenics's Jewellery Shop.
 28647 | Orc:2    | Found Eshruguh's Armour Emporium.
 28647 | Orc:2    | Found Amuanoni's Magic Scroll Shop.
 28699 | Orc:2    | Bought the ring of the Mage {Wiz Will++ Int+3} for 1602
                  | gold pieces
 28699 | Orc:2    | Found the ring of the Mage {Wiz Will++ Int+3}
 28704 | Orc:2    | Bought the ring of Suspicion {rF+ Int+6 Stlth-} for 511
                  | gold pieces
 29032 | D:13     | Reached skill level 9 in Shields
 29120 | D:13     | Found an iron altar of Okawaru.
 29178 | D:13     | Reached skill level 10 in Shields
 30634 | D:14     | Reached skill level 11 in Shields
 30712 | D:14     | Found a gate to the Vaults.
 31270 | D:15     | Entered Level 15 of the Dungeon
 31312 | D:15     | Found a transporter.
 31329 | D:15     | Found a frozen archway.
 31367 | D:15     | Identified Sif Muna's Compendium of Displacement (Sif Muna
                  | gifted it to you on level 15 of the Dungeon)
 31367 | D:15     | Received a gift from Sif Muna
 31370 | D:15     | Found a one-way gate to the infinite horrors of the Abyss.
 31377 | D:15     | Learned a level 2 spell: Searing Ray
 31384 | IceCv    | Entered an ice cave
 31473 | IceCv    | Reached skill level 12 in Shields
 32370 | IceCv    | Got a twitching wooden ring
 32379 | IceCv    | Got a smoking iron ring
 32413 | IceCv    | Identified the ring of Zin's Grace {rPois rN+ Str+5 Int+4}
                  | (You found it in an ice cave)
 32415 | IceCv    | Identified the ring of the Priest {rElec Will+ Int+2
                  | Slay+4} (You found it in an ice cave)
 32617 | D:15     | Identified a +1 robe of resistance
 32944 | D:15     | Found a staircase to the Depths.
 32993 | D:15     | Reached XP level 17. HP: 97/102 MP: 29/33
 33240 | D:15     | Noticed an Executioner
 33240 | D:15     | Identified the +12 scimitar "Arcanum" {distort, +Fly rN+
                  | SInv Stlth-}
 33246 | D:15     | Found a transporter.
 33264 | D:15     | Noticed Epsin's ghost (journeyman MiFi)
 33411 | D:15     | Reached skill level 13 in Shields
 33733 | Spider:1 | Entered Level 1 of the Spider Nest
 35010 | Spider:1 | Reached skill level 14 in Shields
 35014 | Spider:1 | Identified Piypun's Catalogue of Fiery Stolen Souls (Sif
                  | Muna gifted it to you on level 1 of the Spider Nest)
 35014 | Spider:1 | Received a gift from Sif Muna
 35344 | Spider:1 | Learned a level 6 spell: Freezing Cloud
 36357 | Orc:2    | Bought the ring "Ner Jeyn" {rN+ Str-2 Dex+3 Slay+3 SInv
                  | Stlth-} for 564 gold pieces
 36359 | Orc:2    | Bought a scroll of magic mapping for 52 gold pieces
 36359 | Orc:2    | Bought a scroll of fear for 52 gold pieces
 36359 | Orc:2    | Bought a scroll of immolation for 52 gold pieces
 36359 | Orc:2    | Bought a scroll of blinking for 112 gold pieces
 36359 | Orc:2    | Bought a scroll of fog for 30 gold pieces
 36359 | Orc:2    | Bought a scroll of identify for 30 gold pieces
 36359 | Orc:2    | Bought a scroll of fog for 30 gold pieces
 36359 | Orc:2    | Bought a scroll of holy word for 112 gold pieces
 36359 | Orc:2    | Bought a scroll of teleportation for 45 gold pieces
 36359 | Orc:2    | Bought a scroll of amnesia for 52 gold pieces
 36755 | Spider:2 | Reached skill level 15 in Shields
 36944 | Spider:2 | Reached skill level 5 in Earth Magic
 37090 | Spider:2 | Learned a level 2 spell: Blink
 37144 | Spider:2 | Reached skill level 6 in Conjurations
 37652 | Spider:3 | Noticed Agnes
 37681 | Spider:2 | Killed Agnes
 37682 | Spider:2 | Reached skill level 12 in Spellcasting
 38791 | Spider:2 | Reached skill level 11 in Air Magic
 40007 | Spider:4 | Entered Level 4 of the Spider Nest
 40122 | Spider:3 | Reached XP level 18. HP: 45/107 MP: 3/35
 40554 | Spider:3 | Reached skill level 12 in Air Magic
 41563 | Spider:3 | Learned a level 3 spell: Mephitic Cloud
 41900 | Spider:3 | Reached skill level 13 in Air Magic
 42292 | Spider:4 | Identified Sif Muna's Disquisition on Weightlessness and
                  | the Escort (Sif Muna gifted it to you on level 4 of the
                  | Spider Nest)
 42292 | Spider:4 | Received a gift from Sif Muna
 42593 | Spider:4 | Reached skill level 13 in Spellcasting
 42618 | Spider:4 | Reached skill level 14 in Air Magic
 43251 | Spider:4 | Got a gossamer rune of Zot
 43384 | Shoals:1 | Entered Level 1 of the Shoals
 43711 | Shoals:1 | Noticed Jorgrun
 43723 | Shoals:1 | Killed Jorgrun
 44291 | Shoals:1 | Reached skill level 15 in Air Magic
 44997 | Shoals:2 | Reached skill level 5 in Invocations
 45100 | Shoals:2 | Identified Qereg's Reference Book on the Floating Oath (Sif
                  | Muna gifted it to you on level 2 of the Shoals)
 45100 | Shoals:2 | Received a gift from Sif Muna
 45960 | Shoals:3 | Found Joaqumoik's Antique Armour Boutique.
 46068 | Shoals:3 | Bought a glowing cloak for 337 gold pieces
 46148 | Shoals:3 | Reached XP level 19. HP: 60/113 MP: 4/37
 46221 | Shoals:3 | Reached skill level 6 in Invocations
 46454 | Shoals:3 | Reached skill level 11 in Fighting
 46663 | Shoals:3 | Reached skill level 14 in Spellcasting
 47128 | Shoals:4 | Entered Level 4 of the Shoals
 48052 | Shoals:4 | Identified Sif Muna's Handbook of the Mutagenic Oath (Sif
                  | Muna gifted it to you on level 4 of the Shoals)
 48052 | Shoals:4 | Received a gift from Sif Muna
 48078 | Shoals:4 | Identified the cursed +0 plate armour "Nuxziany" {*Corrode
                  | rC- Str+6 Dex+7} (You found it on level 4 of the Shoals)
 48142 | Shoals:3 | Learned a level 5 spell: Irradiate
 48149 | Shoals:3 | Learned a level 3 spell: Ignite Poison
 48609 | Shoals:4 | Reached skill level 1 in Transmutations
 49015 | Shoals:4 | Reached skill level 12 in Fighting
 49164 | Shoals:4 | Got a barnacled rune of Zot
 49446 | Slime:1  | Entered Level 1 of the Pits of Slime
 49690 | Vaults:1 | Entered Level 1 of the Vaults
 49690 | Vaults:1 | Noticed Asterion
 49701 | Vaults:1 | Killed Asterion
 49948 | Vaults:1 | Reached skill level 7 in Conjurations
 49948 | Vaults:1 | Reached skill level 2 in Transmutations
 50304 | Vaults:1 | Reached skill level 8 in Conjurations
 50998 | Vaults:1 | Reached skill level 15 in Spellcasting
 51186 | Vaults:1 | Identified Bijuf's Reference Book on Congealing Stolen
                  | Souls (Sif Muna gifted it to you on level 1 of the Vaults)
 51186 | Vaults:1 | Received a gift from Sif Muna
 51235 | Vaults:1 | Reached skill level 13 in Fighting
 51375 | Vaults:1 | Reached XP level 20. HP: 101/124 MP: 9/40
 53175 | Vaults:2 | Reached skill level 16 in Air Magic
 53388 | Vaults:2 | Reached skill level 14 in Fighting
 53844 | Vaults:2 | Identified Sif Muna's Collected Works on Shifting Cold (Sif
                  | Muna gifted it to you on level 2 of the Vaults)
 53844 | Vaults:2 | Received a gift from Sif Muna
 53910 | Vaults:2 | Reached skill level 17 in Air Magic
 54287 | Vaults:2 | Identified a +2 robe of resistance
 54441 | Vaults:2 | Noticed Mara
 54459 | Vaults:2 | Noticed Awod's illusion
 54459 | Vaults:2 | Killed Mara
 54460 | Vaults:2 | Reached skill level 18 in Air Magic
 55579 | Vaults:2 | Reached skill level 19 in Air Magic
 55581 | Vaults:2 | Reached XP level 21. HP: 91/132 MP: 6/41
 56225 | Vaults:2 | Found a staircase to the Crypt.
 56225 | Vaults:2 | Found a basalt altar of Yredelemnul.
 56226 | Vaults:2 | Found an ancient bone altar of Kikubaaqudgha.
 56476 | Vaults:3 | Reached skill level 20 in Air Magic
 56785 | Vaults:3 | Identified Sif Muna's Collected Works on Confrontation and
                  | the Rocks (Sif Muna gifted it to you on level 3 of the
                  | Vaults)
 56785 | Vaults:3 | Received a gift from Sif Muna
 57103 | Vaults:3 | Learned a level 9 spell: Tornado
 57427 | Vaults:3 | Reached skill level 21 in Air Magic
 57569 | Vaults:3 | Identified the +9 arbalest of Xasose {speed, Will+}
 58095 | Vaults:3 | Identified the +4 shortbow of Untimely Demise {freeze,
                  | Str+2}
 58101 | Vaults:3 | Received a gift from Sif Muna
 58108 | Vaults:3 | Reached skill level 22 in Air Magic
 58516 | Vaults:3 | You are sucked into a shaft and drop 1 floor!
 58850 | Vaults:4 | Noticed Xtahua
 58856 | Vaults:4 | Killed Xtahua
 59190 | Vaults:4 | Reached skill level 23 in Air Magic
 59437 | Vaults:4 | Reached XP level 22. HP: 135/137 MP: 38/42
 59852 | Vaults:4 | Learned a level 8 spell: Chain Lightning
 59973 | Vaults:4 | Identified Eliyssy's Grimoire of the Oath and the Entourage
                  | (Sif Muna gifted it to you on level 4 of the Vaults)
 59973 | Vaults:4 | Received a gift from Sif Muna
 60210 | Vaults:4 | Reached skill level 24 in Air Magic
 60726 | Vaults:4 | Noticed Frederick
 60734 | Vaults:4 | Killed Frederick
 61182 | Vaults:5 | Entered Level 5 of the Vaults
 61452 | Vaults:4 | Reached skill level 25 in Air Magic
 61621 | Vaults:5 | Noticed a golden dragon
 61727 | Vaults:4 | Killed a golden dragon
 63228 | Elf:1    | Identified the Volume of Evil Magic
 63385 | Elf:1    | Reached skill level 16 in Spellcasting
 63932 | Elf:2    | Identified Sif Muna's Handbook of the Mountains and
                  | Poisoning (Sif Muna gifted it to you on level 2 of the
                  | Elven Halls)
 63932 | Elf:2    | Received a gift from Sif Muna
 64078 | Elf:2    | Reached XP level 23. HP: 142/142 MP: 38/44
 64461 | Elf:2    | Found a runed translucent gate.
 64461 | Elf:2    | Found a runed translucent gate.
 64461 | Elf:2    | Found a runed translucent gate.
 64562 | Elf:2    | Reached skill level 17 in Spellcasting
 65518 | Elf:3    | Entered Level 3 of the Elven Halls
 65853 | Elf:3    | Found a gateway to a bazaar.
 65858 | Bazaar   | Entered a bazaar
 65858 | Bazaar   | Found Magotrenk's Gadget Emporium.
 65858 | Bazaar   | Found Meab's Distillery.
 65858 | Bazaar   | Found Qoptyar's Weapon Emporium.
 65860 | Bazaar   | Found Vuajiol's General Store.
 65868 | Bazaar   | Bought a scroll of acquirement for 468 gold pieces
 65868 | Bazaar   | Bought a scroll of blinking for 67 gold pieces
 65873 | Bazaar   | Bought a potion of haste for 150 gold pieces
 65873 | Bazaar   | Bought a potion of haste for 150 gold pieces
 65873 | Bazaar   | Bought a potion of might for 60 gold pieces
 65877 | Bazaar   | Acquired 828 gold pieces
 65888 | Bazaar   | Bought a phantom mirror for 760 gold pieces
 65898 | Bazaar   | Bought a potion of brilliance for 60 gold pieces
 65901 | Bazaar   | Bought a scroll of identify for 18 gold pieces
 66100 | Elf:3    | Identified Sif Muna's Handbook of Twisted Conjuration (Sif
                  | Muna gifted it to you on level 3 of the Elven Halls)
 66100 | Elf:3    | Received a gift from Sif Muna
 66908 | Elf:3    | Reached skill level 18 in Spellcasting
 67364 | Elf:3    | Identified the ring of Ebramoi {rN+ Dex+2}
 67754 | Elf:3    | Identified the ring of Raown {rF+ rC+++ Will+ Str-3 Stlth+}
 67872 | Elf:3    | Identified the +10 short sword "Vuravin" {speed, *Drain rF+
                  | rC++ Will+}
 67872 | Elf:3    | Identified the cursed +1 chain mail of Experimentation
                  | {rPois Will+}
 68187 | Elf:3    | Identified the +1 trident "Huapp" {drain, rPois rN++ Str+6}
 68419 | Elf:3    | Identified the ring "Jyklyfeh" {Will+ AC+4}
 69523 | Vaults:4 | Reached skill level 9 in Conjurations
 70796 | Vaults:5 | Reached skill level 19 in Spellcasting
 70998 | Vaults:5 | Reached XP level 24. HP: 100/148 MP: 6/47
 71169 | Vaults:4 | Reached skill level 7 in Invocations
 72190 | Vaults:5 | Reached skill level 8 in Invocations
 72444 | Vaults:5 | Identified Sif Muna's Incunabulum of the Icy Compass (Sif
                  | Muna gifted it to you on level 5 of the Vaults)
 72444 | Vaults:5 | Received a gift from Sif Muna
 72987 | Vaults:5 | Reached skill level 9 in Invocations
 73059 | Vaults:5 | Identified a +2 robe of the Archmagi
 73059 | Vaults:5 | Identified the amulet of Siguukku {Acrobat *Corrode rPois
                  | Str+2 Dex+6}
 73357 | Vaults:5 | Acquired the +0 staff of Battle
 73358 | Vaults:5 | Found the +0 staff of Battle
 73358 | Vaults:5 | Acquired the +1 hat of Fun and Games {rCorr}
 73379 | Vaults:5 | Identified the +3 buckler of Amorality {Rampage *Drain
                  | rPois rN+}
 73400 | Vaults:5 | Got a silver rune of Zot
 73723 | Vaults:5 | Found Dupho's Armour Emporium.
 74751 | Depths:1 | Entered Level 1 of the Depths
 74751 | Depths:1 | Found a gateway to Hell.
 74990 | Depths:1 | Reached skill level 20 in Spellcasting
 74995 | Depths:1 | Learned a level 4 spell: Olgreb's Toxic Radiance
 75080 | Depths:1 | Reached skill level 10 in Invocations
 75081 | Depths:1 | Reached skill level 1 in Poison Magic
 75267 | Depths:1 | Reached skill level 2 in Poison Magic
 75390 | Depths:1 | Reached skill level 3 in Poison Magic
 76104 | Depths:2 | Reached skill level 4 in Poison Magic
 76193 | Depths:2 | Noticed an ancient lich
 76199 | Depths:2 | Killed an ancient lich
 76302 | Depths:2 | Reached skill level 5 in Poison Magic
 76324 | Depths:2 | Learned a level 5 spell: Summon Mana Viper
 76338 | Depths:2 | Reached XP level 25. HP: 147/152 MP: 47/48
 76625 | Depths:2 | Found Erghixuss's Antique Armour Boutique.
 76625 | Depths:2 | Found Kidog's Assorted Antiques.
 76670 | Depths:2 | Noticed the Enchantress
 76672 | Depths:2 | Identified Sif Muna's Incunabulum of Dislocation (Sif Muna
                  | gifted it to you on level 2 of the Depths)
 76672 | Depths:2 | Received a gift from Sif Muna
 76673 | Depths:2 | Killed the Enchantress
 77413 | Depths:2 | Reached skill level 21 in Spellcasting
 77656 | Depths:3 | Found a flickering gateway to a bazaar.
 77661 | Bazaar   | Entered a bazaar
 77661 | Bazaar   | Found Hauhenty's Gadget Emporium.
 77661 | Bazaar   | Found Ebiom's Armour Emporium.
 77676 | Bazaar   | Found Vigasia's Distillery.
 77676 | Bazaar   | Found Jeidghiuxt's Antique Armour Shoppe.
 77705 | Bazaar   | Bought a scarf of resistance for 288 gold pieces
 77726 | Bazaar   | Bought a potion of mutation for 120 gold pieces
 77726 | Bazaar   | Bought a potion of curing for 45 gold pieces
 77726 | Bazaar   | Bought a potion of heal wounds for 75 gold pieces
 77726 | Bazaar   | Bought a potion of curing for 45 gold pieces
 77726 | Bazaar   | Bought a potion of heal wounds for 75 gold pieces
 78062 | Depths:3 | Identified the +10 spear "Allen" {flame, Str+7}
 78462 | Depths:3 | Identified Xoluan's Almanac of Creative Conjuration (Sif
                  | Muna gifted it to you on level 3 of the Depths)
 78462 | Depths:3 | Received a gift from Sif Muna
 79056 | Depths:3 | Reached skill level 22 in Spellcasting
 79281 | Depths:3 | Found Tinoev's Jewellery Emporium.
 79283 | Depths:3 | Found Bihatin's Gadget Shop.
 79284 | Depths:3 | Found Oczueg's Jewellery Emporium.
 79639 | Depths:3 | Identified the +8 rapier "Myroic" {venom, +Rage Int+4}
 79792 | Depths:3 | Found Fibb's Antique Weapon Boutique.
 79797 | Depths:3 | Found Plog's Antique Weapon Emporium.
 79978 | Depths:3 | Found a one-way gate leading to the halls of Pandemonium.
 80176 | Depths:4 | Found a gateway to a ziggurat.
 81146 | Depths:4 | Reached XP level 26. HP: 133/158 MP: 16/50
 81563 | Depths:4 | Reached skill level 23 in Spellcasting
 82734 | Depths:4 | Identified the Volume of the Destructive Mountains
 82913 | Depths:5 | Entered Level 5 of the Depths
 82918 | Depths:5 | Noticed Xutext's ghost (adept DsAK)
 82919 | Depths:5 | Noticed a caustic shrike
 83325 | Depths:4 | Learned a level 6 spell: Iron Shot
 83657 | Depths:5 | Identified Sif Muna's Tome of Lethal Summoning (Sif Muna
                  | gifted it to you on level 5 of the Depths)
 83657 | Depths:5 | Received a gift from Sif Muna
 83675 | Depths:5 | Noticed Boris
 83879 | Depths:5 | Killed Boris
 83880 | Depths:5 | Reached skill level 10 in Conjurations
 84499 | Depths:5 | Found a transporter.
 85378 | Depths:5 | Reached skill level 26 in Air Magic
 85560 | Depths:5 | Found a gate to the Realm of Zot.
 85683 | Depths:5 | Reached skill level 11 in Invocations
 85859 | Depths:5 | Found a transporter.
 86462 | Zot:1    | Entered Level 1 of the Realm of Zot
 86462 | Zot:1    | Found a transporter.
 87081 | Depths:5 | Reached XP level 27. HP: 101/156 MP: 3/51
 88503 | Zot:1    | Reached skill level 12 in Invocations
 89363 | Slime:1  | Gained mutation: You are dopey. (Int -2) [a shining eye]
 90013 | Slime:3  | Reached skill level 24 in Spellcasting
 90112 | Slime:5  | Entered Level 5 of the Pits of Slime
 90262 | Slime:4  | Identified Sif Muna's Compendium of the Frigorific Oath
                  | (Sif Muna gifted it to you on level 4 of the Pits of Slime)
 90262 | Slime:4  | Received a gift from Sif Muna
 90668 | Slime:5  | Noticed the Royal Jelly
 90791 | Slime:5  | Killed the Royal Jelly
 90792 | Slime:5  | Reached skill level 27 in Air Magic
 91183 | Slime:5  | Reached skill level 13 in Invocations
 91215 | Slime:5  | Identified a +1 buckler of resistance (You found it on
                  | level 5 of the Pits of Slime)
 91260 | Slime:5  | Got a slimy rune of Zot
 91273 | Slime:5  | Identified the ring "Xokkib" {Will+ EV+4 Int+4 Dex-2
                  | Stlth+} (You found it on level 5 of the Pits of Slime)
 91298 | Slime:5  | Identified the ring of Psychosis {rElec Str+6} (You found
                  | it on level 5 of the Pits of Slime)
 91314 | Slime:5  | Identified the ring "Afenet" {+Fly rPois Str+3 Dex-5} (You
                  | found it on level 5 of the Pits of Slime)
 91349 | Slime:5  | Reached skill level 1 in Fire Magic
 91877 | Slime:3  | Reached skill level 2 in Fire Magic
 91911 | Lair:5   | Learned a level 5 spell: Fireball
 92315 | Zot:1    | Learned a level 6 spell: Conjure Ball Lightning
 92481 | Zot:1    | Reached skill level 3 in Fire Magic
 92758 | Zot:1    | Reached skill level 4 in Fire Magic
 92836 | Zot:1    | Found a transporter.
 92839 | Zot:1    | Found the +3 pair of gauntlets of War {Slay+5}
 92911 | Zot:1    | Noticed an orb of fire
 92914 | Zot:1    | Noticed an ancient lich
 92919 | Zot:1    | Noticed an ancient lich
 92931 | Zot:1    | Gained mutation: You are very dopey. (Int -4) [an orb of
                  | fire]
 93800 | Zot:2    | Reached skill level 5 in Fire Magic
 94062 | Zot:2    | Reached skill level 6 in Fire Magic
 94783 | Zot:2    | Reached skill level 7 in Fire Magic
 95110 | Zot:2    | Received a gift from Sif Muna
 95763 | Zot:2    | Reached skill level 8 in Fire Magic
 95829 | Zot:2    | Found a corrupted altar of Lugonu.
 95894 | Zot:2    | Reached skill level 9 in Fire Magic
 96327 | Zot:3    | Reached skill level 25 in Spellcasting
 96727 | Zot:3    | Noticed a curse toe
 97292 | Zot:3    | Reached skill level 10 in Fire Magic
 97321 | Zot:3    | Noticed a curse toe
 97589 | Zot:3    | Killed a curse toe
 98258 | Zot:3    | Killed a curse toe
 98625 | Zot:3    | Reached skill level 11 in Fire Magic
 99238 | Zot:4    | Noticed a curse toe
 99839 | Zot:3    | Reached skill level 12 in Fire Magic
100605 | Zot:5    | Entered Level 5 of the Realm of Zot
101762 | Zot:4    | Reached skill level 13 in Fire Magic
102023 | Zot:4    | Killed a curse toe
103498 | Zot:5    | Reached skill level 14 in Fire Magic
103550 | Zot:5    | Noticed an ancient lich
103569 | Zot:5    | Killed an ancient lich
103570 | Zot:5    | Reached skill level 11 in Conjurations
103709 | Zot:5    | Noticed an electric golem
103721 | Zot:5    | Killed an electric golem
104048 | Zot:5    | Noticed an orb of fire
104056 | Zot:5    | Killed an orb of fire
104057 | Zot:5    | Reached skill level 12 in Conjurations
104214 | Zot:5    | Noticed an ancient lich
104216 | Zot:5    | Noticed an orb of fire
104225 | Zot:5    | Gained mutation: Armour fits poorly on your strangely
                  | shaped body. [an orb of fire]
104227 | Zot:5    | Gained mutation: Your magical capacity is low. (-10% MP)
                  | [an orb of fire]
104229 | Zot:5    | Gained mutation: You tend to lose your temper in combat.
                  | [an orb of fire]
104230 | Zot:5    | Gained mutation: You do not regenerate when monsters are
                  | visible. [an orb of fire]
104233 | Zot:5    | Killed from afar by a titan

Vanquished Creatures
  the Royal Jelly (Slime:5)
  An orb of fire (Zot:5)
  2 ancient liches
  Mara (Vaults:2)
  Frederick (Vaults:4)
  Boris (Depths:5)
  3 curse toes
  Xtahua (Vaults:4)
  A Killer Klown (Zot:5)
  12 golden dragons
  the Enchantress (Depths:2)
  An electric golem (Zot:5)
  13 tentacled monstrosities
  13 Orb Guardians
  5 liches
  Jorgrun (Shoals:1)
  Asterion (Vaults:1)
  6 titans
  5 quicksilver dragons
  A deep elf blademaster (Elf:3)
  4 sphinxes
  9 death cobs
  19 acid blobs
  12 storm dragons
  6 tengu reavers
  11 shadow dragons
  7 azure jellies
  8 draconian monks
  4 draconian knights
  6 draconian shifters
  3 iron dragons
  6 ghost moths
  3 deep elf sorcerers
  9 draconian scorchers
  10 fire giants
  10 frost giants
  A balrug (Depths:2)
  14 vault wardens
  10 draconian stormcallers
  20 very ugly things
  3 war gargoyles
  5 draconian annihilators
  7 spriggan defenders
  18 ironheart preservers
  6 emperor scorpions
  A deep elf elementalist (Elf:3)
  25 stone giants
  A juggernaut skeleton (Depths:4)
  3 deep elf demonologists (Elf:3)
  5 vampire knights
  11 green draconians
  4 large abominations
  11 red draconians
  11 deep elf annihilators
  15 purple draconians
  10 yellow draconians
  12 black draconians
  4 spark wasps
  8 entropy weavers
  13 white draconians
  4 merfolk javelineers
  Snorg (Orc:2)
  11 ettins
  6 deep elf death magi
  11 fire dragons
  A crystal guardian (Vaults:4)
  The ghost of avis the Transmogrifier, a journeyman OgTm of Gozag (Lair:1)
  8 death oozes (Slime:5)
  7 merfolk impalers
  14 great orbs of eyes
  9 deep elf high priests
  17 ice dragons
  32 vault guards
  7 boulder beetles
  15 yaktaur captains
  A catoblepas (D:12)
  7 hydras
  7 rakshasas
  6 merfolk avatars
  A boulder beetle (shapeshifter) (Vaults:5)
  7 spriggan air magi
  15 centaur warriors
  2 satyrs
  4 tengu warriors
  2 merfolk aquamancers (Shoals:4)
  48 two-headed ogres
  6 deep troll shamans
  10 deep troll earth magi
  19 ogre magi
  11 death yaks
  21 dancing weapons
  3 orc high priests (Orc:2)
  A vampire mage (Depths:4)
  5 spriggan berserkers
  Nergalle (D:11)
  A small abomination (Vaults:4)
  2 sun demons (Depths:2)
  Sonja (D:12)
  32 deep elf knights
  6 spriggans
  5 hell knights (Depths:3)
  5 iron trolls
  A fire crab (Lair:6)
  9 sea snakes
  3 shadow wraiths
  5 glowing orange brains
  A shadow demon (Depths:3)
  13 skeletal warriors
  18 deep trolls
  4 unseen horrors
  5 flayed ghosts
  10 wizards
  16 ironbrand convokers
  20 deep elf archers
  A glowing orange brain (shapeshifter) (Vaults:4)
  5 necromancers
  Pikel (D:4)
  A wolf spider zombie (D:13)
  An orange crystal statue (Elf:3)
  4 phantasmal warriors
  14 orb spiders
  30 harpies
  89 deep elf magi
  6 orc sorcerers
  15 orc knights
  An orb spider (shapeshifter) (D:14)
  2 human zombies (Vaults:1)
  38 wolf spiders
  A fire giant zombie (Vaults:5)
  3 fauns
  An oklob plant (Lair:5)
  7 shining eyes
  A salamander (shapeshifter) (Vaults:2)
  21 moths of wrath
  38 ugly things
  A cyclops (shapeshifter) (Vaults:2)
  13 manticores
  10 cyclopes
  12 elephants (Lair:6)
  An elephant (shapeshifter) (Depths:5)
  4 black mambas
  5 merfolk sirens
  3 eyes of devastation
  A human skeleton (Vaults:5)
  5 water nymphs
  A frost giant skeleton (Vaults:1)
  A gargoyle (D:10)
  2 ice statues (IceCv)
  9 vault sentinels
  Maggie (D:6)
  3 torpor snails
  11 cane toads
  7 rime drakes
  An efreet (D:13)
  2 freezing wraiths
  A spark wasp simulacrum (Depths:4)
  21 komodo dragons
  3 tengu conjurers
  12 demonic crawlers
  2 hellwings (Depths:3)
  48 yaktaurs
  An ice devil (Depths:3)
  4 trolls
  An elf skeleton (Depths:4)
  A merfolk (shapeshifter) (Vaults:5)
  A troll (shapeshifter) (Vaults:2)
  2 sphinx simulacra (Depths:4)
  15 hornets
  2 meliai (shapeshifter)
  5 polar bears
  2 queen bees (shapeshifter)
  9 wind drakes
  A hornet (shapeshifter) (Vaults:2)
  46 merfolk
  21 jumping spiders
  A jumping spider (shapeshifter) (Elf:2)
  2 meliai (D:14)
  8 blink frogs
  A queen bee (Lair:1)
  Grinder (D:6)
  8 snapping turtles
  3 dream sheep (shapeshifter)
  90 slime creatures
  A stone giant simulacrum (Vaults:3)
  3 dream sheep
  62 redbacks
  A redback (shapeshifter) (Depths:4)
  2 wraiths (D:14)
  3 shadows (D:15)
  7 water elementals
  2 spriggans (shapeshifter)
  52 yaks
  19 tarantellas
  3 yaks (shapeshifter) (Vaults:4)
  7 wyverns
  3 hogs (shapeshifter)
  3 basilisks
  Eustachio (D:6)
  3 fire elementals
  7 golden eyes
  3 vampire mosquitoes
  A neqoxec (Depths:3)
  A redback simulacrum (D:15)
  A human (shapeshifter) (Vaults:5)
  3 human simulacra (Vaults:1)
  Menkaure (D:7)
  A steam dragon (Lair:4)
  3 wargs
  A soldier ant (D:14)
  3 hell hounds (Depths:5)
  20 water moccasins
  A floating eye (Depths:2)
  2 floating eyes (shapeshifter)
  Duvessa (D:7)
  2 sky beasts
  5 black bears
  40 orc warriors
  4 eyes of draining
  12 ice beasts
  A necrophage (D:12)
  2 phantoms
  19 boggarts
  9 wolves
  53 ogres
  16 centaurs
  An elf simulacrum (Vaults:5)
  2 big kobolds
  Blork the orc (D:5)
  3 gnoll sergeants
  An elf zombie (Elf:1)
  16 bullfrogs
  A cane toad simulacrum (Lair:1)
  2 earth elementals
  3 wyvern skeletons
  Dowan (D:7)
  8 scorpions
  An orc simulacrum (Vaults:1)
  26 killer bees
  5 wights (D:7)
  A howler monkey (shapeshifter) (Depths:3)
  5 howler monkeys
  2 crimson imps (Depths:3)
  2 bullfrog zombies
  2 centaur zombies (Ossuary)
  2 hounds
  9 jellies
  35 orc wizards
  A wyvern simulacrum (Lair:1)
  A gnoll shaman (D:6)
  7 centaur skeletons
  18 orc priests
  3 bullfrog skeletons
  A water moccasin simulacrum (Lair:1)
  5 iguanas
  13 worker ants
  14 hell rats
  A killer bee zombie (D:8)
  2 big kobold zombies (Ossuary)
  A bullfrog simulacrum (Lair:1)
  A basilisk simulacrum (Lair:1)
  2 hound zombies
  4 mummies (Ossuary)
  Robin (D:3)
  18 gnolls
  A howler monkey skeleton (D:4)
  9 adders
  4 shadow imps
  11 white imps
  3 ufetubi
  An ooze (shapeshifter) (Vaults:5)
  An ooze (Lair:5)
  An adder skeleton (D:8)
  3 worms
  4 dart slugs
  3 leopard geckos
  117 orcs
  4 giant cockroaches
  14 goblins
  9 hobgoblins
  8 jackals
  15 kobolds
  4 quokkas
  A ball python (D:5)
  4 bats
  4 frilled lizards
  A giant cockroach zombie (D:5)
  2 hobgoblin zombies (Ossuary)
  A quokka zombie (D:9)
  5 rats
  2 crawling corpses (Vaults:4)
  A lurking horror (Zot:2)
2418 creatures vanquished.

Vanquished Creatures (collateral kills)
  A Killer Klown (Zot:2)
  2 tentacled monstrosities
  A titan (Vaults:5)
  Agnes (Spider:2)
  A shadow dragon (Vaults:5)
  A draconian monk (Zot:2)
  An iron dragon (Depths:4)
  A frost giant (Vaults:4)
  An ironheart preserver (Vaults:2)
  A stone giant (Vaults:4)
  An entropy weaver (Spider:2)
  2 green draconians
  An ettin (Depths:2)
  4 deep elf death magi
  A death ooze (Slime:5)
  A merfolk impaler (Shoals:4)
  A fire dragon (Depths:4)
  A hydra (D:11)
  A deep elf high priest (Elf:2)
  A merfolk aquamancer (Shoals:4)
  An ogre mage (Vaults:4)
  3 death yaks
  2 tengu warriors (D:13)
  8 two-headed ogres
  Urug (Orc:2)
  2 deep elf knights
  3 sea snakes
  A deep elf archer (Vaults:2)
  An orc knight (Orc:2)
  An orc sorcerer (Orc:2)
  6 harpies
  9 orb spiders
  2 ugly things
  2 moths of wrath
  5 wolf spiders
  3 manticores
  3 merfolk sirens
  4 deep elf magi
  A cyclops (D:11)
  3 fauns
  An elephant (Lair:6)
  2 water nymphs
  2 cane toads
  A torpor snail (Spider:1)
  6 komodo dragons
  3 demonic crawlers
  3 rime drakes
  A yaktaur (Vaults:4)
  8 jumping spiders
  A meliai (D:14)
  12 merfolk
  3 hornets
  2 trolls
  2 polar bears
  4 dream sheep
  2 slime creatures
  15 redbacks
  3 water elementals
  8 tarantellas
  2 wyverns
  2 basilisks
  3 yaks (D:11)
  A fire elemental (Elf:2)
  2 vampire mosquitoes (D:13)
  A water moccasin (Lair:1)
  A hydra simulacrum (Lair:1)
  5 orc warriors
  3 ice beasts (IceCv)
  A black bear (D:6)
  2 ogres
  A wolf (Lair:2)
  3 centaurs (Vaults:1)
  3 bullfrogs
  A gnoll sergeant (D:9)
  7 killer bees
  A hound (D:13)
  8 orc priests
  3 orc wizards
  2 hell rats (Lair:2)
  A big kobold zombie (Ossuary)
  A bullfrog simulacrum (Lair:1)
  3 gnolls
  6 white imps
  An ooze (Lair:5)
  14 orcs
  A lurking horror (Zot:2)
244 creatures vanquished.

Vanquished Creatures (others)
  A vault warden (Vaults:2)
  A very ugly thing (Depths:4)
  A black draconian (Zot:3)
  A purple draconian (Zot:3)
  A deep troll (Depths:3)
  A phantasmal warrior (Vaults:2)
  A manticore (Shoals:3)
  A vault sentinel (Vaults:1)
  A slime creature (Depths:3)
  An ogre (Vaults:2)
  A bullfrog (Lair:5)
  An orc wizard (Orc:2)
  An orc priest (Orc:2)
  An orc (Orc:2)
  10 ball lightnings
  70 fungi
  165 plants
  A withered plant (D:12)
260 creatures vanquished.

Grand Total: 2922 creatures vanquished

Table legend: (Time is in decaauts)
 A = Elapsed time spent in this place.
 B = Non-inter-level travel time spent in this place.
 C = Inter-level travel time spent in this place.
 D = Time resting spent in this place.
 E = Time spent auto-exploring this place.
 F = Levels seen in this place.
 G = Mean time per level.
                   A        B        C        D        E       F      G
               +--------+--------+--------+--------+--------+-----+--------+
         Total |  99631 |  94995 |   4636 |  50200 |  18043 |  59 | 1688.7 |
       Dungeon |  20462 |  19121 |   1341 |   7464 |   5333 |  15 | 1364.1 |
        Temple |    255 |    227 |     28 |     57 |    138 |   1 |  255.0 |
          Lair |  10473 |   9402 |   1071 |   4137 |   2624 |   6 | 1745.5 |
        Shoals |   5404 |   5195 |    209 |   3012 |      0 |   4 | 1351.0 |
   Spider Nest |   8529 |   8154 |    375 |   5083 |   1215 |   4 | 2132.2 |
    Slime Pits |   2272 |   2262 |     10 |   1325 |    309 |   5 |  454.4 |
  Orcish Mines |   2634 |   2393 |    241 |    995 |    718 |   2 | 1317.0 |
   Elven Halls |   6505 |   6361 |    144 |   2457 |   1800 |   3 | 2168.3 |
        Vaults |  16607 |  15911 |    696 |   9277 |   2871 |   5 | 3321.4 |
        Depths |  12001 |  11567 |    434 |   6436 |   2874 |   5 | 2400.2 |
           Zot |  12962 |  12880 |     82 |   9106 |     29 |   5 | 2592.4 |
        Bazaar |    114 |    114 |      0 |      0 |     28 |   2 |   57.0 |
       Ossuary |    247 |    247 |      0 |    144 |      0 |   1 |  247.0 |
      Ice Cave |   1161 |   1161 |      0 |    701 |     99 |   1 | 1161.0 |
               +--------+--------+--------+--------+--------+-----+--------+

Top non-repeatable levels by time:
Vaults:4: 5259 daAuts
Depths:5: 3802 daAuts
   Zot:2: 3800 daAuts
Vaults:1: 3535 daAuts
Depths:4: 3317 daAuts
Vaults:2: 3243 daAuts
Spider:3: 3070 daAuts
   Elf:3: 2996 daAuts
Vaults:5: 2839 daAuts
   Zot:1: 2826 daAuts
   Zot:4: 2656 daAuts
Spider:2: 2501 daAuts
Depths:2: 2359 daAuts
  Lair:6: 2302 daAuts
  Lair:5: 2147 daAuts

Table legend:
 A = Non-vault XP
 B = Vault XP
 C = Vault XP percentage of total XP
 D = Non-vault monster count
 E = Vault monster count
 F = Vault count percentage of total count
                 A         B        C        D         E       F
            +---------+---------+-------+---------+---------+-------
      Total |  958312 |  681633 |  41.6 |    1780 |     866 |  32.7
            +---------+---------+-------+---------+---------+-------
        D:1 |      28 |       0 |   0.0 |      15 |       0 |   0.0
        D:2 |      35 |       2 |   5.4 |      10 |       1 |   9.1
        D:3 |     161 |      36 |  18.3 |      22 |      11 |  33.3
        D:4 |     460 |     673 |  59.4 |      25 |       1 |   3.8
        D:5 |     692 |      96 |  12.2 |      26 |       1 |   3.7
        D:6 |     685 |     792 |  53.6 |      22 |       7 |  24.1
        D:7 |     534 |     369 |  40.9 |       9 |       3 |  25.0
        D:8 |    2303 |       0 |   0.0 |      37 |       0 |   0.0
        D:9 |    3412 |     420 |  11.0 |      43 |       6 |  12.2
       D:10 |    2315 |       0 |   0.0 |      28 |       0 |   0.0
       D:11 |    7959 |     808 |   9.2 |      46 |       1 |   2.1
       D:12 |    1877 |    4371 |  70.0 |      15 |      39 |  72.2
       D:13 |   12921 |       0 |   0.0 |      51 |       0 |   0.0
       D:14 |    8268 |     983 |  10.6 |      28 |       2 |   6.7
       D:15 |    8220 |    3528 |  30.0 |      24 |      18 |  42.9
     Temple |     115 |       0 |   0.0 |       1 |       0 |   0.0
     Lair:1 |    5834 |    3548 |  37.8 |      17 |      37 |  68.5
     Lair:2 |    4577 |     463 |   9.2 |      26 |       7 |  21.2
     Lair:3 |    3712 |     706 |  16.0 |      14 |       2 |  12.5
     Lair:4 |   12236 |    1412 |  10.3 |      37 |       6 |  14.0
     Lair:5 |   12311 |     625 |   4.8 |      35 |       5 |  12.5
     Lair:6 |   15185 |    8106 |  34.8 |      35 |      24 |  40.7
   Shoals:1 |    9605 |    2841 |  22.8 |      24 |       1 |   4.0
   Shoals:2 |   14063 |       0 |   0.0 |      27 |       0 |   0.0
   Shoals:3 |   24616 |    3178 |  11.4 |      53 |      11 |  17.2
   Shoals:4 |   13086 |   15641 |  54.4 |      29 |      32 |  52.5
   Spider:1 |   20243 |    6546 |  24.4 |      59 |      17 |  22.4
   Spider:2 |   16383 |    1636 |   9.1 |      45 |       1 |   2.2
   Spider:3 |   15852 |   10962 |  40.9 |      44 |      17 |  27.9
   Spider:4 |    6702 |   13122 |  66.2 |      24 |      25 |  51.0
    Slime:1 |   16352 |       0 |   0.0 |      33 |       0 |   0.0
    Slime:2 |    1065 |       0 |   0.0 |       3 |       0 |   0.0
    Slime:3 |    6372 |       0 |   0.0 |       7 |       0 |   0.0
    Slime:4 |    9370 |       0 |   0.0 |      25 |       0 |   0.0
    Slime:5 |   16336 |   28535 |  63.6 |      33 |      12 |  26.7
      Orc:1 |    2058 |       0 |   0.0 |      30 |       0 |   0.0
      Orc:2 |    2443 |    8510 |  77.7 |      34 |      38 |  52.8
      Elf:1 |   23771 |    3384 |  12.5 |      38 |       9 |  19.1
      Elf:2 |   19292 |   23518 |  54.9 |      31 |      32 |  50.8
      Elf:3 |   13622 |   40595 |  74.9 |      23 |      38 |  62.3
   Vaults:1 |   43685 |   24696 |  36.1 |      73 |      54 |  42.5
   Vaults:2 |   39875 |   40333 |  50.3 |      70 |      44 |  38.6
   Vaults:3 |   35125 |   23654 |  40.2 |      69 |      29 |  29.6
   Vaults:4 |   28868 |   60112 |  67.6 |      46 |      59 |  56.2
   Vaults:5 |    9037 |  111067 |  92.5 |      18 |      82 |  82.0
   Depths:1 |   33640 |       0 |   0.0 |      38 |       0 |   0.0
   Depths:2 |   24276 |   37680 |  60.8 |      36 |      32 |  47.1
   Depths:3 |   29741 |   44449 |  59.9 |      32 |      44 |  57.9
   Depths:4 |   36086 |   37689 |  51.1 |      42 |      27 |  39.1
   Depths:5 |   64031 |   37860 |  37.2 |      60 |      30 |  33.3
      Zot:1 |   74355 |       0 |   0.0 |      49 |       0 |   0.0
      Zot:2 |   53859 |   10026 |  15.7 |      28 |       8 |  22.2
      Zot:3 |   66255 |    7084 |   9.7 |      42 |       6 |  12.5
      Zot:4 |   60010 |    5535 |   8.4 |      35 |       2 |   5.4
      Zot:5 |   24398 |   50941 |  67.6 |      14 |      14 |  50.0
    Ossuary |       0 |     223 | 100.0 |       0 |      11 | 100.0
      IceCv |       0 |    4878 | 100.0 |       0 |      20 | 100.0
            +---------+---------+-------+---------+---------+-------
